Map: Thunderbird LE

Players

SortOf - Winner!

  • Race: Zerg Zerg
  • League: Diamond
  • Spawn Location: 5:00

Hellraiser

  • Race: Protoss Protoss
  • Spawn Location: 11:00

Event: 2019 WCS Summer

VOD

Have the link to the VOD?

Description

Time

  • Played on: July 12, 2019, 3:57 p.m.
  • Length: 18:22

All games in this series

Show
View Real Time Build Order
Export as new Build Order

SortOf Zerg - Winner!

Build Orders: Hatch First, Brood Lord Corruptor 

Get SALT Encoding   

  12  0:00  Drone  
  13  0:12  Overlord  
  13  0:17  Drone  
  14  0:30  Drone x2  
  16  0:48  Hatchery  
  15  0:52  Drone  
  15  0:55  Drone  
  17  0:58  Drone  
  18  1:09  Extractor  
  17  1:13  Spawning Pool  
  17  1:16  Drone  
  17  1:19  Drone  
  18  1:29  Drone  
  20  1:40  Drone  
  20  1:47  Hatchery  
  20  1:50  Drone  
  20  2:00  Queen  
  22  2:03  Zergling x2  
  22  2:07  Zergling x2  
  24  2:14  Overlord  
  24  2:17  Drone  
  25  2:25  Drone x2  
  27  2:34  Queen  
  27  2:36  Metabolic Boost  
  29  2:39  Zergling x2  
  29  2:41  Drone  
  31  2:49  Overlord  
  30  2:53  Drone x2  
  32  3:00  Queen  
  32  3:03  Drone x2  
  36  3:06  Zergling x4  
  38  3:16  Spore Crawler  
  38  3:18  Drone  
  38  3:19  Drone  
  39  3:20  Spore Crawler  
  39  3:22  Drone  
  39  3:24  Drone  
  39  3:25  Overlord  
  42  3:27  Overlord  
  42  3:37  Spore Crawler  
  42  3:41  Drone, Overlord  
  42  3:45  Drone x4  
  46  3:49  Overlord  
  46  3:53  Lair  
  46  3:56  Drone  
  46  3:59  Drone  
  46  4:02  Drone  
  47  4:06  Drone, Roach Warren  
  47  4:09  Spore Crawler  
  44  4:13  Drone, Spore Crawler  
  44  4:15  Drone  
  44  4:21  Queen  
  46  4:24  Drone x2  
  46  4:26  Drone x2  
  46  4:29  Drone  
  51  4:31  Extractor  
  51  4:32  Drone, Extractor  
  51  4:33  Drone  
  51  4:35  Drone  
  53  4:38  Drone x2  
  53  4:41  Drone, Extractor  
  53  4:44  Drone x3  
  57  4:48  Overlord  
  57  4:50  Overlord  
  57  4:53  Roach  
  57  4:55  Roach  
  60  5:02  Roach x3  
  60  5:05  Overseer  
  60  5:06  Drone x2  
  68  5:12  Overlord  
  68  5:13  Overlord  
  68  5:15  Drone  
  68  5:17  Drone  
  68  5:18  Drone  
  71  5:25  Roach x3  
  76  5:29  Overlord  
  76  5:30  Roach  
  76  5:33  Roach x2  
  82  5:37  Roach x2  
  86  5:45  Overlord  
  86  5:46  Ravager x2  
  86  5:47  Roach x2  
  92  5:51  Overlord  
  92  5:52  Overlord  
  92  5:58  Drone x5  
  92  6:01  Glial Reconstitution  
  92  6:03  Drone x3  
  100  6:09  Zergling x6  
  100  6:10  Zergling x2  
  104  6:13  Queen  
  105  6:19  Drone x4  
  105  6:21  Drone x3  
  105  6:24  Drone x2  
  111  6:30  Drone x2  
  111  6:32  Drone  
  113  6:35  Queen, Extractor  
  113  6:37  Extractor  
  113  6:45  Overlord  
  113  6:48  Drone, Evolution Chamber  
  113  6:49  Drone x2, Hatchery, Baneling Nest  
  113  6:54  Zergling x10  
  113  6:56  Overlord  
  113  7:00  Zergling x2  
  119  7:06  Overlord  
  116  7:11  Zergling x8  
  116  7:14  Zerg Melee Weapons Level 1  
  116  7:15  Drone  
  117  7:16  Drone  
  117  7:22  Drone  
  119  7:23  Infestation Pit, Overlord  
  118  7:30  Spore Crawler  
  118  7:31  Drone x7  
  118  7:33  Overseer  
  118  7:36  Centrifical Hooks  
  124  7:39  Overlord  
  124  7:42  Overseer  
  124  7:45  Spore Crawler  
  122  7:52  Zergling x22  
  122  7:54  Ravager x4  
  137  7:58  Baneling x7  
  137  7:59  Overlord  
  137  8:02  Drone x3  
  140  8:08  Extractor  
  140  8:09  Hive  
  140  8:10  Spire  
  140  8:12  Drone x4  
  142  8:22  Drone  
  142  8:23  Drone x3  
  146  8:34  Overlord  
  146  8:37  Zergling x18  
  146  8:39  Extractor  
  154  8:42  Baneling x20  
  154  8:53  Zergling x20  
  161  9:11  Baneling x9  
  161  9:12  Zerg Melee Weapons Level 2  
  161  9:14  Overlord x2  
  161  9:18  Spine Crawler  
  161  9:19  Spine Crawler  
  161  9:20  Zergling x30  
  161  9:23  Greater Spire  
  174  9:25  Adrenal Glands  
  174  9:27  Drone  
  175  9:34  Baneling x14  
  175  9:35  Baneling x2  
  159  9:56  Corruptor x7  
  168  10:00  Zergling x16  
  164  10:31  Hatchery  
  164  10:32  Hatchery, Corruptor  
  164  10:37  Brood Lord x5  
  173  10:44  Brood Lord  
  173  10:49  Overlord  
  170  10:59  Corruptor x3  
  170  11:03  Corruptor  
  167  11:06  Queen x4  
  167  11:08  Drone x11  
  167  11:09  Drone  
  182  11:19  Pathogen Glands  
  182  11:20  Zerg Flyer Armor Level 1  
  182  11:21  Drone  
  183  11:26  Spore Crawler x2  
  183  11:28  Spore Crawler  
  183  11:31  Zergling x20  
  188  11:37  Corruptor x2  
  188  11:41  Queen  
  186  11:49  Corruptor x4  
  193  11:55  Zergling x4  
  193  11:56  Zergling x10  
  197  12:02  Infestor  
  199  12:10  Spore Crawler  
  199  12:11  Spore Crawler  
  199  12:12  Spore Crawler x2  
  199  12:13  Drone x6, Spore Crawler  
  200  12:16  Overseer  
  200  12:17  Overseer  
  200  12:20  Neural Parasite  
  200  12:23  Spore Crawler  
  200  12:25  Spore Crawler  
  198  12:30  Infestor  
  198  12:32  Overlord  
  198  12:34  Overseer  
  198  12:35  Overseer  
  200  12:37  Zerg Missile Weapons Level 1  
  200  12:42  Evolution Chamber  
  196  12:53  Infestor x2  
  198  13:05  Infestor x4  
  173  13:10  Zergling x38  
  194  13:18  Infestor x2  
  195  13:20  Queen  
  197  13:30  Spore Crawler x2  
  197  13:31  Spore Crawler  
  197  13:32  Spore Crawler x2  
  194  13:34  Drone x10  
  194  13:40  Spore Crawler  
  197  13:43  Spore Crawler  
  197  13:45  Pneumatized Carapace, Zerg Flyer Armor Level 2  
  196  13:49  Zerg Ground Armor Level 1  
  196  13:55  Infestor x2  
  200  14:04  Hatchery, Extractor  
  200  14:06  Extractor  
  200  14:07  Spore Crawler  
  194  14:17  Spire  
  193  14:26  Spine Crawler x3  
  193  14:27  Spine Crawler  
  193  14:28  Viper  
  193  14:30  Hatchery  
  180  14:47  Zergling x2  
  180  14:48  Zergling x38  
  199  15:22  Spore Crawler  
  199  15:24  Spore Crawler x2  
  199  15:25  Zerg Missile Weapons Level 2  
  199  15:26  Spore Crawler  
  195  15:29  Spore Crawler x2  
  195  15:30  Hatchery, Spore Crawler x2  
  195  15:32  Drone  
  195  15:34  Infestor x4  
  197  15:48  Infestor x4  
  198  15:53  Zergling x10  
  200  16:00  Baneling x6  
  200  16:05  Zerg Ground Armor Level 2, Zerg Flyer Weapons Level 1  
  200  16:10  Overlord  
  200  16:15  Spine Crawler  
  200  16:17  Spine Crawler  
  200  16:18  Spore Crawler  
  197  16:20  Spore Crawler  
  193  16:29  Infestor x4  
  199  16:33  Spore Crawler  
  199  16:34  Spore Crawler  
  187  16:45  Infestor x7  
  189  17:01  Drone x6  
  189  17:02  Drone x4  
  189  17:06  Hatchery, Spine Crawler  
  189  17:08  Zergling x6  
  198  17:14  Zergling x2  
  198  17:32  Zergling x4, Spore Crawler  
  198  17:33  Spore Crawler  
  199  17:44  Zergling x4  
Show
View Real Time Build Order
Export as new Build Order

Hellraiser Protoss 

Build Orders: 1 Gate Expand, Oracle Opening, Carriers, Chargelot Immortal 

Get SALT Encoding   

  12  0:00  Probe  
  13  0:12  Probe  
  14  0:20  Pylon  
  14  0:22  Probe  
  15  0:34  Probe  
  15  0:38  Gateway  
  16  0:44  Probe  
  16  0:47  Assimilator  
  17  0:56  Probe  
  18  1:08  Probe  
  19  1:20  Nexus  
  19  1:23  Probe  
  20  1:33  Cybernetics Core  
  20  1:37  Probe  
  21  1:42  Assimilator  
  21  1:49  Probe  
  21  1:53  Pylon  
  22  2:00  Probe  
  22  2:01  Adept  
  22  2:08  Probe  
  26  2:16  Probe  
  26  2:20  Stargate  
  27  2:28  Probe  
  27  2:29  Probe  
  28  2:31  Stalker  
  31  2:37  Warp Gate  
  31  2:40  Probe x2  
  33  2:51  Probe  
  33  2:52  Probe  
  33  2:57  Oracle  
  35  3:02  Gateway  
  35  3:03  Probe  
  35  3:04  Probe  
  40  3:15  Probe  
  40  3:16  Probe  
  42  3:21  Pylon  
  42  3:25  Oracle  
  40  3:27  Probe  
  40  3:28  Probe  
  40  3:29  Assimilator  
  40  3:31  Assimilator  
  42  3:40  Probe x2  
  47  3:44  Adept  
  47  3:46  Pylon  
  49  3:52  Probe x2  
  51  3:55  Robotics Facility  
  51  4:04  Probe x2  
  53  4:13  Oracle  
  58  4:20  Gateway  
  58  4:21  Gateway  
  58  4:22  Gateway  
  56  4:24  Gateway  
  56  4:29  Adept  
  56  4:30  Sentry  
  60  4:34  Warp Prism  
  62  4:41  Pylon x2  
  62  4:57  Twilight Council  
  62  4:59  Forge  
  64  5:01  Nexus  
  64  5:02  Probe  
  64  5:03  Probe  
  64  5:09  Sentry x2  
  64  5:10  Observer  
  68  5:14  Probe  
  68  5:16  Probe  
  68  5:17  Pylon  
  71  5:23  Immortal  
  71  5:26  Probe  
  71  5:27  Protoss Ground Weapons Level 1  
  71  5:28  Probe  
  73  5:30  Zealot  
  75  5:37  Pylon  
  75  5:39  Probe  
  75  5:40  Probe  
  81  5:43  Charge  
  81  5:51  Probe  
  81  5:52  Probe  
  81  5:54  Pylon  
  81  5:56  Immortal  
  83  6:03  Probe  
  88  6:04  Probe  
  88  6:05  Templar Archives  
  89  6:15  Probe x2  
  89  6:16  Probe  
  92  6:27  Probe x2, Gateway  
  92  6:28  Probe  
  92  6:29  Gateway  
  92  6:30  Phoenix  
  93  6:33  Immortal  
  93  6:39  Probe x2  
  99  6:40  Probe  
  100  6:47  Gateway  
  100  6:49  Gateway  
  100  6:51  Probe  
  100  6:52  Assimilator  
  100  6:53  High Templar  
  103  6:54  Psionic Storm  
  103  6:56  Assimilator  
  103  6:57  Zealot  
  103  7:01  Probe  
  104  7:02  Zealot x2  
  104  7:05  Probe  
  104  7:06  Probe  
  107  7:09  Immortal  
  107  7:13  Probe  
  106  7:17  Probe  
  106  7:18  Probe  
  112  7:25  Probe  
  112  7:29  Probe, Protoss Ground Weapons Level 2  
  114  7:32  High Templar  
  117  7:39  Pylon x2  
  117  7:41  Pylon  
  117  7:42  Photon Cannon x2  
  117  7:46  Nexus  
  117  7:47  Immortal  
  116  7:55  Pylon  
  116  7:57  Pylon  
  120  8:01  High Templar x2  
  120  8:03  Probe x3  
  127  8:15  Probe x3  
  127  8:16  Immortal  
  127  8:19  Shield Battery  
  130  8:20  Shield Battery  
  130  8:27  Probe x2, High Templar x2  
  136  8:28  Probe  
  141  8:37  Assimilator  
  141  8:39  Probe x2  
  141  8:40  Assimilator  
  143  8:44  Immortal  
  143  8:47  Fleet Beacon  
  147  8:58  Protoss Air Weapons Level 1  
  147  9:02  Stargate x2  
  141  9:06  Photon Cannon  
  139  9:15  Immortal  
  139  9:20  Carrier  
  143  9:31  Nexus  
  143  9:33  Pylon  
  143  9:36  Cybernetics Core  
  149  9:46  Zealot x5  
  149  9:47  Zealot x3, Carrier  
  163  9:57  Carrier  
  175  10:13  Protoss Shields Level 1  
  175  10:16  Photon Cannon  
  175  10:18  Photon Cannon  
  175  10:20  Photon Cannon  
  175  10:22  Shield Battery  
  175  10:23  Shield Battery  
  175  10:24  Protoss Air Armor Level 1  
  172  10:37  Pylon  
  172  10:38  Pylon  
  172  10:39  Pylon  
  172  10:41  Pylon  
  172  10:45  Nexus  
  172  10:46  Carrier  
  172  10:52  Carrier  
  172  10:53  Carrier  
  183  11:00  Zealot x4  
  183  11:01  Probe  
  183  11:03  Nexus  
  193  11:05  Probe x3  
  193  11:13  Probe, Phoenix  
  194  11:19  Stargate  
  194  11:21  Stargate  
  194  11:24  Pylon  
  194  11:25  Pylon  
  181  11:40  Carrier  
  181  11:42  Zealot x3  
  181  11:43  Probe x2  
  174  11:51  Protoss Air Weapons Level 2  
  178  11:56  Probe, Carrier x2  
  178  12:00  Carrier  
  191  12:15  Carrier  
  197  12:26  Nexus  
  197  12:31  Protoss Air Armor Level 2  
  197  12:48  Protoss Shields Level 2  
  197  12:55  Carrier  
  197  13:04  Observer  
  197  13:05  Carrier  
  198  13:18  Photon Cannon  
  198  13:20  Shield Battery  
  198  13:23  Photon Cannon  
  198  13:34  Carrier  
  200  13:38  Carrier  
  194  13:46  Photon Cannon  
  200  14:11  Assimilator  
  200  14:12  Protoss Air Weapons Level 3  
  200  14:13  Assimilator  
  200  14:15  Pylon  
  200  14:35  Carrier  
  200  14:37  Carrier, Archon  
  190  14:41  Carrier x2  
  200  14:45  Carrier  
  197  15:28  Observer  
  198  15:32  Probe, Protoss Air Armor Level 3  
  199  15:41  Protoss Shields Level 3  
  199  15:49  Observer, Zealot x6  
  200  16:20  Photon Cannon  
  200  16:22  Photon Cannon  
  200  16:24  Photon Cannon  
  194  16:28  Zealot x6  
  194  16:29  Photon Cannon  
  194  16:30  Shield Battery  
  200  16:42  Pylon  
  193  17:07  Observer  
  195  17:11  Nexus  
  195  17:12  Pylon  
  196  17:22  High Templar x2  
  200  17:28  Archon  
Tags
 
Add a new tag
Caveats
  • Supply blocks, unpowered buildings, or Contaminate may cause inaccurate times.
  • Supply counts are checked every 10 seconds.